 Dungeon Crawl Stone Soup version 0.28-a0-1518-gbe868bca14 (webtiles) character file.

Game seed: 5981405693162653172

32 fragbeetle the Chopper (level 3, 33/33 HPs)
             Began as a Hill Orc Monk on Jan 16, 2022.
             Was a Plaything of Xom.
             Quit the game on level 1 of the Dungeon.
             The game lasted 00:02:28 (1346 turns).

fragbeetle the Chopper (Hill Orc Monk)              Turns: 1346, Time: 00:02:29

Health: 33/33      AC:  3    Str: 15    XL:     3   Next: 25%
Magic:  3/3        EV: 12    Int:  6    God:    Xom [......]
Gold:   24         SH:  0    Dex: 13    Spells: 2/2 levels left

rFire   . . .      SeeInvis .   b - +2 short sword (speed)
rCold   . . .      Faith    .   (no shield)
rNeg    . . .      Spirit   +   h - +0 leather armour
rPois   .          Reflect  .   (no helmet)
rElec   .          Harm     .   (no cloak)
rCorr   .          Rampage  .   (no gloves)
Will    .....      Rnd*Tele +   (no boots)
Stlth   ++........              f - amulet of guardian spirit
HPRegen 0.11/turn               (no ring)
MPRegen 0.08/turn               (no ring)

@: no status effects
A: dopey 2, teleportitis 1, inability to read while threatened
a: Renounce Religion


You were on level 1 of the Dungeon.
You worshipped Xom.
You were a very special plaything of Xom.
You visited 1 branch of the dungeon, and saw 1 of its levels.

You collected 24 gold pieces.

Inventory:

Hand Weapons
 a - a +0 hand axe
 b - a +2 short sword of speed (weapon)
 e - a +0 hunting sling
Missiles
 c - 73 stones (quivered)
 d - 19 sling bullets
Armour
 h - a +0 leather armour (worn)
Jewellery
 f - an amulet of guardian spirit (around neck)
Scrolls
 i - a scroll of identify {unknown}
 j - a scroll of blinking {unknown}
Potions
 g - a potion of curing {unknown}
 k - a potion of mutation {unknown}


   Skills:
 + Level 4.0 Fighting
 * Level 4.8 Axes
 + Level 2.6 Dodging
 + Level 2.0 Stealth


You had 2 spell levels left.
You didn't know any spells.
Your spell library was empty.

Dungeon Overview and Level Annotations

Branches:
Dungeon (1/15)

Altars:
Xom


Innate Abilities, Weirdness & Mutations

You are very dopey. (Int -4)
You are occasionally teleported next to monsters.
You sometimes lose the ability to read scrolls when taking damage.


Message History

Your hands tingle!
b - a +2 short sword of speed (weapon)
c - 73 stones (gained 25) Magic restored.
You see here a hobgoblin corpse.
A ball python comes into view.
Found 16 bolts.
The ball python hisses angrily.
The ball python bites you but does no damage.
The ball python barely misses you.
You barely miss the ball python. The ball python closely misses you.
The ball python grabs you. The ball python constricts you.
You hit the ball python.
You kill the ball python!
j - a scroll labelled XOAJOD NI OHU You see here a hobgoblin corpse.
There is a stone staircase leading down here.
k - a murky brown potion A rat comes into view.
The rat closely misses you.
You hit the rat but do no damage. The rat bites you.
You barely miss the rat. You closely miss the rat. The rat barely misses you.
You barely miss the rat. The rat bites you.
You closely miss the rat. You hit the rat.
You kill the rat!
You see here a rat corpse. "Let's see if it's strong enough to survive yet."
The white imp gestures at you. The puff of frost misses you.
You hit the white imp but do no damage. "You need some minor improvements, mortal!"
Your body is suffused with distortional energy.
You feel stupid.
You feel weirdly uncertain.
You lose the ability to read scrolls when threatened.
You feel stupid. The iron imp puffs mist at you. The iron imp misses you.
Are you sure you want to abandon this character and quit the game? (Confirm with "yes".)

.###......#....#...............#
.###...>........#.............##
................##...........##
..........8.8............#####
....#......_....#........#
>..............##........#
.........................#
....................###.##
..............#5@....##.#########
....#...........#5...............
###.............####..#...#######
###.....###.....# ##.###.#
........###)....# #..##.#
....#....##.....# ##.##.#
.........##.....# #....#
.....#.#....##### ###..#####
....##.#....#### ##....#...##


You could see an iron imp (summoned) and a white imp (summoned).

Vanquished Creatures
  2 dart slugs (D:1)
  5 ball pythons (D:1)
  5 endoplasms (D:1)
  A goblin (D:1)
  3 hobgoblins (D:1)
  4 kobolds (D:1)
  3 bats (D:1)
  A frilled lizard (D:1)
  2 rats (D:1)
26 creatures vanquished.

Notes
Turn   | Place    | Note
-------+----------+-------------------------------------------
     0 | D:1      | fragbeetle the Hill Orc Monk began the quest for the Orb.
     0 | D:1      | Reached XP level 1. HP: 19/19 MP: 1/1
   349 | D:1      | Found a faded altar of an unknown god.
   355 | D:1      | Reached XP level 2. HP: 20/27 MP: 2/2
   463 | D:1      | Prayed at the altar of an unknown god.
   463 | D:1      | Became a worshipper of Xom of Bone-Dry Humour
   944 | D:1      | XOM: silly message
  1009 | D:1      | Reached XP level 3. HP: 29/33 MP: 3/3
  1343 | D:1      | XOM: summons 2 hostile demons
  1345 | D:1      | XOM: give mutations
  1345 | D:1      | Gained mutation: You are dopey. (Int -2) [Xom's mischief]
  1345 | D:1      | Gained mutation: You are occasionally teleported next to
                  | monsters. [Xom's mischief]
  1345 | D:1      | Gained mutation: You sometimes lose the ability to read
                  | scrolls when taking damage. [Xom's mischief]
  1345 | D:1      | Gained mutation: You are very dopey. (Int -4) [Xom's
                  | mischief]
  1346 | D:1      | Quit the game

Illustrated notes

Levels and vault maps discovered:
D:1:      lightli_molten_gateway, layout_rooms,
          dreamdust_ecumenical_altar_statues

Skill      XL: |  1  2  3 |
---------------+----------+-----
Fighting       | 4 |  4.0
Stealth        | 2 |  2.0
Axes           | |  4.8
Dodging        | |  2.6

Action                   || total
-------------------------++-------
Melee: Hand axe          ||    74
       Short sword       ||     9
Armor: Robe              ||     5
       Leather armour    ||     3
Dodge: Dodged            ||    55

Table legend: (Time is in decaauts)
 A = Elapsed time spent in this place.
 B = Non-inter-level travel time spent in this place.
 C = Inter-level travel time spent in this place.
 D = Time resting spent in this place.
 E = Time spent auto-exploring this place.
 F = Levels seen in this place.
 G = Mean time per level.
                   A        B        C        D        E       F      G
               +--------+--------+--------+--------+--------+-----+--------+
         Total |   1349 |   1349 |      0 |    339 |    773 |   1 | 1349.0 |
       Dungeon |   1349 |   1349 |      0 |    339 |    773 |   1 | 1349.0 |
               +--------+--------+--------+--------+--------+-----+--------+

Top non-repeatable levels by time:
     D:1: 1349 daAuts
